 Dungeon Crawl Stone Soup version 0.26-a0-1025-g006ef2cfcc (webtiles) character file.

Game seed: 3793590579581042209

72 Ijustatesigmund the Chopper (level 4, 0/31 HPs)
             Began as an Octopode Fighter on Dec 9, 2020.
             Succumbed to a scorpion's poison
             ... on level 3 of the Dungeon.
             The game lasted 00:03:04 (2301 turns).

Ijustatesigmund the Chopper (Octopode Fighter)      Turns: 2301, Time: 00:03:05

Health: 0/31       AC:  1    Str: 15    XL:     4   Next: 25%
Magic:  4/4        EV: 11    Int: 10    God:
Gold:   226        SH:  9    Dex: 12    Spells: 3/3 levels left

rFire    . . .     SeeInvis .   a - +3 war axe
rCold    . . .     Faith    .   b - +1 kite shield
rNeg     + . .     Spirit   .   (helmet restricted)
rPois    .         Reflect  .   (no amulet)
rElec    .         Harm     .   e - ring of resist corrosion
rCorr    +         Rampage  .   j - ring of positive energy
Will     .....                  (no ring)
Stlth    ++........             (no ring)
HPRegen  0.10/turn              (no ring)
MPRegen  0.09/turn              (no ring)
                                (no ring)
                                (no ring)

@: mighty, lethally poisoned (0 -> -14), attractive
A: almost no armour, stealthy swim, amphibious, 8 rings, constrict 8, camouflage
1, gelatinous body 1
a: no special abilities


You were on level 3 of the Dungeon.
You visited 1 branch of the dungeon, and saw 4 of its levels.

You collected 226 gold pieces.

Inventory:

Hand Weapons
 a - a +3 war axe (weapon)
Armour
 b - a +1 kite shield (worn)
Jewellery
 e - a ring of resist corrosion (left tentacle)
 j - a ring of positive energy (right tentacle)
Wands
 f - a wand of digging (9)
Scrolls
 i - 2 scrolls of remove curse
 l - a scroll of fog {unknown}
 o - a scroll of immolation
 q - 3 scrolls of teleportation {unknown}
 r - a scroll of identify
Potions
 c - 2 potions of might
 d - a potion of resistance
 g - a potion of curing {unknown}
 h - a potion of degeneration {unknown}
 k - a potion of mutation {unknown}
 m - a potion of attraction
 n - a potion of lignification {unknown}
 p - a potion of magic {unknown}
 s - a potion of heal wounds {unknown}


   Skills:
 + Level 3.0 Fighting
 + Level 4.3 Axes
 - Level 3.0 Dodging
 - Level 3.0 Shields


You had 3 spell levels left.
You didn't know any spells.
Your spell library contained the following spells:

 Spells                   Type           Power        Failure   Level
 Confusing Touch          Hex            #.......     99%         3
 Gell's Gravitas          Tloc           #.........   99%         3
 Petrify                  Tmut/Erth      #.......     100%        4
 Metabolic Englaciation   Hex/Ice        #.........   100%        5
 Yara's Violent Unravell  Hex/Tmut       #.........   100%        5


Dungeon Overview and Level Annotations

Branches:
Dungeon (4/15)
 Temple: D:4-7

Altars:
Uskayaw

Annotations:
D:4 3 runed translucent doors


Innate Abilities, Weirdness & Mutations

You cannot wear most types of armour.
You are very stealthy in the water. (Stealth+)
You are amphibious.
You can wear up to eight rings at the same time.
You can use your tentacles to constrict eight enemies at once.
Your skin changes colour to match your surroundings (Stealth+).
Your rubbery body absorbs attacks. (AC +1, EV +1)


Message History

There is a stone staircase leading up here.
The scorpion closely misses you. The adder bites you but does no damage.
You climb upwards.
You feel sick.
There is a stone staircase leading down here.
You feel very mighty all of a sudden.
You feel sick. You block the adder's attack. The scorpion closely misses you.
You slash the scorpion! You grab the scorpion.
The scorpion is almost dead.
You hit the adder. You constrict the scorpion. You block the adder's attack.
The scorpion stings you.
* * * LOW HITPOINT WARNING * * *
The adder completely misses you. The scorpion stings you.
* * * LOW HITPOINT WARNING * * *
You are more poisoned.
The scorpion poisons you!
It was a potion of attraction.
You feel attractive to monsters.
You constrict the scorpion.
You kill the scorpion!
You die...

#.# ###.## # #....# ##### #
#....# #########...#
########....# #<......#.#.#
...........)# #######.#.#.#
#######)##.###########.#.#.#
...........#.....S.....#.#.#
..[.)..(....†...@........#†#
#######.#......†...(.....#(#
# #.....#.####...........#.#
# #.....#.################.#
###.....#..................#
........####################
###....## # ###### #


You could see an adder.

Vanquished Creatures
  A scorpion (D:3)
  2 adders (D:2)
  3 worms
  A dart slug (D:1)
  5 goblins (D:1)
  8 hobgoblins
  3 jackals (D:3)
  6 kobolds
  A quokka (D:2)
  7 bats
  4 frilled lizards
  3 rats
44 creatures vanquished.

Notes
Turn   | Place    | Note
-------+----------+-------------------------------------------
     0 | D:1      | Ijustatesigmund the Octopode Fighter began the quest for
                  | the Orb.
     0 | D:1      | Reached XP level 1. HP: 16/16 MP: 1/1
   151 | D:1      | Reached XP level 2. HP: 21/21 MP: 2/2
   214 | D:1      | You fall into a shaft and drop 1 floor!
   368 | D:1      | Reached skill level 3 in Axes
   645 | D:1      | Reached XP level 3. HP: 24/26 MP: 3/3
   864 | D:2      | Found a hide-covered altar of Uskayaw.
  1455 | D:2      | Reached skill level 4 in Axes
  1650 | D:3      | Reached XP level 4. HP: 31/31 MP: 4/4
  2289 | D:4      | Found a runed translucent gate.
  2289 | D:4      | Found a runed translucent gate.
  2289 | D:4      | Found a runed translucent gate.
  2301 | D:3      | Succumbed to a scorpion's poison

Illustrated notes

Levels and vault maps discovered:
D:1:      minmay_arrival_jagged, layout_loops_ring
D:2:      layout_rooms, eat_drink_and_be_merry_uskayaw
D:3:      layout_basic
D:4:      layout_rooms, kennysheep_ying_yang, nicolae_ossuary_entry_catacombs,
          gammafunk_ghost_split

Skill      XL: |  1  2  3 |
---------------+----------+-----
Axes           | 3 4 |  4.3
Fighting       | |  3.0
Dodging        | |  3.0
Shields        | |  3.0

Action                   |  1- 3 |  4- 6 || total
-------------------------+-------+-------++-------
Melee: War axe           |    64 |    26 ||    90
       Constrict         |     9 |     5 ||    14
       Tentacles         |     8 |     5 ||    13
  Use: Scroll            |     9 |       ||     9
       Potion            |       |     2 ||     2
 Stab: Sleeping          |     3 |     2 ||     5
Armor: Skin              |     6 |     1 ||     7
Dodge: Dodged            |    31 |    12 ||    43
Block: Kite shield       |    25 |    15 ||    40

Table legend: (Time is in decaauts)
 A = Elapsed time spent in this place.
 B = Non-inter-level travel time spent in this place.
 C = Inter-level travel time spent in this place.
 D = Time resting spent in this place.
 E = Time spent auto-exploring this place.
 F = Levels seen in this place.
 G = Mean time per level.
                   A        B        C        D        E       F      G
               +--------+--------+--------+--------+--------+-----+--------+
         Total |   2337 |   2304 |     33 |    270 |   1691 |   4 |  584.2 |
       Dungeon |   2337 |   2304 |     33 |    270 |   1691 |   4 |  584.2 |
               +--------+--------+--------+--------+--------+-----+--------+

Top non-repeatable levels by time:
     D:1: 1057 daAuts
     D:3: 656 daAuts
     D:2: 613 daAuts
     D:4: 9 daAuts
